 Dungeon Crawl Stone Soup version 0.24-a0-272-g1411513 (webtiles) character file.

Game seed: 15089926107309180535

165 Ijustatesigmund the Cudgeler (level 5, -9/36 HPs)
             Began as an Octopode Fighter on Apr 25, 2019.
             Killed from afar by an orc wizard (11 damage)
             ... with a magic dart
             ... on level 4 of the Dungeon.
             The game lasted 00:04:35 (3164 turns).

Ijustatesigmund the Cudgeler (Octopode Fighter)     Turns: 3164, Time: 00:04:36

Health: -9/36      AC:  1    Str: 16    XL:     5   Next: 46%
Magic:  5/5        EV: 17    Int: 10    God:
Gold:   118        SH:  9    Dex: 17    Spells: 4/4 levels left

rFire    . . .     SeeInvis .   a - +1 flail
rCold    . . .     Gourm    .   b - +0 shield
rNeg     . . .     Faith    .   (helmet restricted)
rPois    .         Spirit   .   (no amulet)
rElec    .         Reflect  .   (no ring)
rCorr    .         Harm     .   (no ring)
MR       .....                  (no ring)
Stlth    ++++......             (no ring)
HPRegen  0.12/turn              (no ring)
MPRegen  0.09/turn              (no ring)
                                (no ring)
                                (no ring)

@: agile
A: almost no armour, stealthy swim, amphibious, 8 rings, constrict 8, camouflage
1, gelatinous body 1
a: no special abilities


You were on level 4 of the Dungeon.
You were not hungry.

You visited 1 branch of the dungeon, and saw 4 of its levels.

You collected 118 gold pieces.

Inventory:

Hand Weapons
 a - a +1 flail (weapon)
Armour
 b - a +0 shield (worn)
Scrolls
 f - a scroll of blinking
Potions
 e - a potion of brilliance
 g - a potion of curing
 h - a potion of lignification
 k - a potion of agility
Comestibles
 d - 4 rations


   Skills:
 - Level 3.0 Fighting
 + Level 5.5 Maces & Flails
 - Level 3.0 Dodging
 - Level 3.0 Shields


You had 4 spell levels left.
You didn't know any spells.
Your spell library was empty.

Dungeon Overview and Level Annotations

Branches:
Dungeon (4/15)
 Temple: D:4-7

Altars:

Annotations:
D:3 Grinder


Innate Abilities, Weirdness & Mutations

You cannot wear most types of armour.
You are very stealthy in the water. (Stealth+)
You are amphibious.
You can wear up to eight rings at the same time.
You can use your tentacles to constrict eight enemies at once.
Your skin changes colour to match your surroundings (Stealth+).
Your rubbery body absorbs attacks. (AC +1, EV +1)


Message History

The orc wizard hits you with a +0 hand axe.
You closely miss the orc wizard. Your grab misses the orc wizard.
The orc wizard is severely wounded.
You constrict the orc priest.
The orc wizard gestures wildly while chanting.
The orc wizard flickers and vanishes!
Deactivating autopickup; reactivate with Ctrl-A.
The orc priest invokes the aid of Beogh against you.
Beogh smites you!
An orc comes into view. It is wielding a +0 mace.
The orc priest mumbles some strange prayers to Beogh against you.
Beogh smites you!
* * * LOW HITPOINT WARNING * * *
You block the orc wizard's attack. The orc closely misses you.
You hit the orc priest.
You kill the orc priest!
The orc priest barely misses you. The orc wizard casts a spell at you.
The magic dart hits you!
You die...

#.# ##.#####
#......#
#......#
#......#
#......#
#†.....#
########......#
#....{o@..#####
#o....)oo.#
..........#
#.........#
#.........#
#.........#
#.........#
###########


You could see an orc priest, an orc wizard and 2 orcs.

Vanquished Creatures
  An orc priest (D:4)
  A worker ant (D:4)
  5 adders
  An adder skeleton (D:4)
  2 worms (D:2)
  2 dart slugs (D:1)
  2 leopard geckos (D:1)
  5 giant cockroaches
  6 goblins
  9 hobgoblins
  2 jackals (D:3)
  A quokka (D:2)
  5 bats
  3 frilled lizards (D:1)
  7 kobolds
  3 rats
55 creatures vanquished.

Notes
Turn   | Place    | Note
-------+----------+-------------------------------------------
     0 | D:1      | Ijustatesigmund the Octopode Fighter began the quest for
                  | the Orb.
     0 | D:1      | Reached XP level 1. HP: 16/16 MP: 1/1
   427 | D:1      | Reached XP level 2. HP: 21/21 MP: 2/2
   728 | D:1      | Reached skill level 3 in Maces & Flails
  1093 | D:1      | Reached XP level 3. HP: 19/26 MP: 3/3
  1894 | D:2      | Reached skill level 4 in Maces & Flails
  2178 | D:2      | Reached XP level 4. HP: 31/31 MP: 4/4
  2789 | D:3      | Noticed Grinder
  2808 | D:3      | Paralysed by Grinder for 7 turns
  3064 | D:4      | Reached skill level 5 in Maces & Flails
  3064 | D:4      | Reached XP level 5. HP: 28/36 MP: 5/5
  3164 | D:4      | Killed from afar by an orc wizard

Levels and vault maps discovered:
D:1:      dpeg_arrival_rooms_b, layout_basic, minmay_indecisive_spiral
D:2:      layout_basic
D:3:      layout_loops_ring, led_sif_pool, first_ration, uniq_grinder
D:4:      layout_basic, minmay_temple_entry_proselytizer,
          uniq_crazy_yiuf_cottage, uniq_robin, uniq_ijyb

Skill      XL: |  1  2  3  4 |
---------------+-------------+-----
Maces & Flails | 3 4 5 |  5.5
Fighting       | |  3.0
Dodging        | |  3.0
Shields        | |  3.0

Action                   |  1- 3 |  4- 6 || total
-------------------------+-------+-------++-------
Melee: Flail             |    73 |    42 ||   115
       Constrict         |    20 |    11 ||    31
       Tentacles         |    12 |     5 ||    17
       Unarmed           |       |    10 ||    10
  Use: Scroll            |       |     6 ||     6
       Potion            |       |     4 ||     4
 Stab: Sleeping          |       |     4 ||     4
  Eat: Chunk             |     4 |     1 ||     5
       Ration            |       |     1 ||     1
Armor: Skin              |     3 |     6 ||     9
Dodge: Dodged            |    28 |    38 ||    66
Block: Shield            |    31 |    22 ||    53

Table legend:
 A = Non-vault XP
 B = Vault XP
 C = Vault XP percentage of total XP
 D = Non-vault monster count
 E = Vault monster count
 F = Vault count percentage of total count
                 A         B        C        D         E       F
            +---------+---------+-------+---------+---------+-------
      Total |     230 |       7 |   3.0 |      51 |       4 |   7.3
            +---------+---------+-------+---------+---------+-------
        D:1 |      47 |       7 |  13.0 |      24 |       4 |  14.3
        D:2 |      81 |       0 |   0.0 |      19 |       0 |   0.0
        D:3 |       8 |       0 |   0.0 |       4 |       0 |   0.0
        D:4 |      94 |       0 |   0.0 |       4 |       0 |   0.0
            +---------+---------+-------+---------+---------+-------
